 Dungeon Crawl Stone Soup version 0.18.1-48-g4cf74bf (webtiles) character file.

8990 RepoMan the Arsonist (level 10, -7/69 HPs)
             Began as a Demigod Fire Elementalist on Aug 19, 2016.
             Mangled by a komodo dragon (32 damage)
             ... on level 1 of the Lair of Beasts on Aug 22, 2016.
             The game lasted 01:21:14 (10127 turns).

RepoMan the Arsonist (Demigod Fire Elementalist)   Turns: 10127, Time: 01:21:14

Health: -7/69      AC:  6    Str: 16    XL:     10   Next: 96%
Magic:  14/25      EV: 12    Int: 23    God:
Gold:   628        SH:  0    Dex: 16    Spells: 8 memorised, 2 levels left

rFire  . . .     SeeInvis .     O - +5 scythe "Finisher" {speed, Str+3}
rCold  . . .     Gourm    +     a - +1 robe
rNeg   + . .     Faith    .     (shield currently unavailable)
rPois  .         Spirit   .     (no helmet)
rElec  .         Dismiss  .     (no cloak)
rCorr  .         Reflect  .     (no gloves)
SustAt +         Harm     .     f - +2 pair of boots
MR     +....                    z - amulet of the gourmand (curse)
Stlth  ++........               I - ring of positive energy
                                g - ring of wizardry

@: repel missiles, somewhat resistant to hostile enchantments, unstealthy
A: high mp 1, sustain attributes
a: no special abilities


You were on level 1 of the Lair of Beasts.
You were very full.

You visited 3 branches of the dungeon, and saw 10 of its levels.

You collected 628 gold pieces.

Inventory:

Hand Weapons
 M - a +2 war axe of flaming
 O - the +5 scythe "Finisher" (weapon) {speed, Str+3}
   (You took it off an orc on level 8 of the Dungeon)

   Attacks with this weapon are significantly faster.
   It affects your strength (+3).
Armour
 a - a +1 robe (worn)
 f - a +2 pair of boots (worn)
 u - a +0 helmet
 K - a +0 leather armour
Jewellery
 g - a ring of wizardry (left hand)
 n - an uncursed ring of protection from fire
 r - an uncursed ring of stealth
 x - a +1 ring of protection
 z - a cursed amulet of the gourmand (around neck)
 E - a +4 ring of strength
 I - a ring of positive energy (right hand)
Wands
 l - a wand of flame (6/48)
 s - a wand of teleportation (3/9)
 B - a wand of lightning (0/15)
Scrolls
 i - a scroll of vulnerability {unknown}
 j - 3 scrolls of teleportation
 k - 2 scrolls of random uselessness {unknown}
 o - 2 scrolls of amnesia
 v - 3 scrolls of identify
 y - a scroll of magic mapping {unknown}
 F - a scroll of blinking {unknown}
 G - a scroll of immolation
 H - 2 scrolls of enchant weapon
 L - a scroll of recharging {unknown}
 N - a scroll of fear {unknown}
 Q - 2 scrolls of remove curse
 S - a scroll of fog
Potions
 d - 2 potions of lignification
 e - a potion of brilliance {unknown}
 p - a potion of heal wounds {unknown}
 q - 2 potions of might
 t - 4 potions of flight
 A - a potion of invisibility {unknown}
 D - a potion of curing
 P - a potion of haste {unknown}
Books
 b - a book of Flames

   Spells                             Type                      Level
   a - Flame Tongue                   Conjuration/Fire             1
   b - Throw Flame                    Conjuration/Fire             2
   c - Conjure Flame                  Conjuration/Fire             3
   d - Inner Flame                    Hexes/Fire                   3
   e - Sticky Flame                   Conjuration/Fire             4
   f - Fireball                       Conjuration/Fire             5
 w - a book of Changes

   Spells                             Type                      Level
   a - Beastly Appendage              Transmutation                1
   b - Sticks to Snakes               Transmutation                2
   c - Spider Form                    Transmutation/Poison         3
   d - Ice Form                       Ice/Transmutation            4
   e - Blade Hands                    Transmutation                5
 C - a book of Air

   Spells                             Type                      Level
   a - Shock                          Conjuration/Air              1
   b - Swiftness                      Charms/Air                   2
   c - Repel Missiles                 Charms/Air                   2
   d - Static Discharge               Conjuration/Air              3
   e - Lightning Bolt                 Conjuration/Air              5
 J - a book of Envenomations

   Spells                             Type                      Level
   a - Spider Form                    Transmutation/Poison         3
   b - Olgreb's Toxic Radiance        Poison                       4
   c - Alistair's Intoxication        Transmutation/Poison         5
   d - Poisonous Cloud                Conjuration/Poison/Air       6
Comestibles
 c - 7 bread rations
 h - 9 meat rations
 m - 5 slices of pizza
 R - a beef jerky


   Skills:
 - Level 1.7 Dodging
 - Level 1.7 Stealth
 + Level 7.7 Spellcasting
 + Level 7.8 Conjurations
 * Level 11.6 Fire Magic


You had 2 spell levels left.
You knew the following spells:

 Your Spells              Type           Power        Failure   Level  Hunger
a - Flame Tongue          Conj/Fire      #####        1%          1    None
b - Swiftness             Chrm/Air       #.......     6%          2    None
c - Conjure Flame         Conj/Fire      ######..     1%          3    None
e - Fireball              Conj/Fire      ######....   1%          5    #####..
f - Throw Flame           Conj/Fire      ######       1%          2    None
i - Inner Flame           Hex/Fire       #####...     1%          3    None
m - Repel Missiles        Chrm/Air       #.....       6%          2    None
s - Sticky Flame          Conj/Fire      ######..     1%          4    ###....


Dungeon Overview and Level Annotations

Branches:
Dungeon (8/15)             Temple (1/1) D:5            Lair (1/8) D:8

Shops:
D:8 (


Innate Abilities, Weirdness & Mutations

You have an increased reservoir of magic (+10% MP).
Your attributes are resistant to harm.


Message History

Aim: a komodo dragon (moderately wounded)
The sticky flame hits the komodo dragon.
The komodo dragon is moderately wounded.
The komodo dragon is covered in liquid flames!
The komodo dragon burns!
The komodo dragon bites you!!
The komodo dragon burns!
The komodo dragon burns!
The komodo dragon hisses menacingly.
The komodo dragon burns!
The komodo dragon burns!
The komodo dragon stops burning.
Casting: Sticky Flame
Confirm with . or Enter, or press ? or * to list all spells.
Aiming: Sticky Flame
Press: ? - help, Shift-Dir - straight line, f/p - komodo dragon
Aim: a komodo dragon (almost dead)
The sticky flame hits the komodo dragon.
The komodo dragon is almost dead.
The komodo dragon is covered in liquid flames!
The komodo dragon burns!
The komodo dragon bites you!!
You die...

# ..Y.#............. #
...###.............#
###...P..........(....# .
......................## #
........................ .. #
........................ ... #
###...##................ .....#
.##...###.............# #....#
......# ##.....l@.....##.###.....
......## ##...........#..P......#
.......## #####.#.#..............
.†......######.##.#..............
................P................
..................#..............
................#.#..............
.....Y######.##..................
....Y..# #.##.........)......>.


You could see a komodo dragon (burning).

Vanquished Creatures
  A hydra (Lair:1)
  An ugly thing (D:6)
  A black mamba (Lair:1)
  A spiny frog (Lair:1)
  4 blink frogs (Lair:1)
  13 yaks (Lair:1)
  A hippogriff (Lair:1)
  A basilisk (Lair:1)
  2 wargs (D:8)
  Duvessa (D:6)
  A water moccasin (D:8)
  3 orc warriors
  2 sky beasts
  2 ice beasts
  A phantom (D:8)
  5 ogres
  5 centaurs
  2 crocodiles (Lair:1)
  7 giant frogs
  A wyvern zombie (D:8)
  Dowan (D:6)
  3 scorpions
  A howler monkey (D:7)
  6 wights (D:8)
  2 electric eels (D:8)
  3 jellies
  A crimson imp (D:7)
  A hound (D:8)
  4 orc wizards
  7 orc priests
  3 giant frog skeletons
  Jessica (D:3)
  5 iguanas
  7 worker ants
  A worker ant zombie (D:7)
  11 adders
  4 gnolls (D:6)
  A howler monkey skeleton (D:8)
  2 shadow imps
  An adder zombie (D:8)
  An adder skeleton (D:8)
  4 dart slugs
  7 worms
  9 giant geckos
  37 orcs
  7 bats
  6 giant cockroaches
  4 goblins
  8 hobgoblins
  10 jackals
  4 quokkas
  A giant cockroach zombie (D:6)
  A giant gecko zombie (D:5)
  3 giant newts
  12 kobolds
  8 rats
242 creatures vanquished.

Vanquished Creatures (others)
  2 fungi (Lair:1)
  2 plants (Lair:1)
4 creatures vanquished.

Grand Total: 246 creatures vanquished

Notes
Turn   | Place    | Note
--------------------------------------------------------------
     0 | D:1      | RepoMan the Demigod Fire Elementalist began the quest for the Orb.
     0 | D:1      | Reached XP level 1. HP: 14/14 MP: 5/5
    25 | D:1      | Reached skill level 1 in Conjurations
   442 | D:1      | Reached XP level 2. HP: 20/20 MP: 5/7
   447 | D:1      | Learned a level 2 spell: Throw Flame
   791 | D:2      | Reached skill level 3 in Fire Magic
   927 | D:2      | Reached XP level 3. HP: 26/26 MP: 3/9
  1600 | D:3      | Reached XP level 4. HP: 33/33 MP: 5/10
  1605 | D:3      | Learned a level 3 spell: Conjure Flame
  1708 | D:3      | Noticed Jessica
  1712 | D:3      | Killed Jessica
  1730 | D:3      | Reached skill level 4 in Fire Magic
  2336 | D:4      | Noticed a phantom
  2508 | D:4      | Found a glowing golden altar of the Shining One.
  2508 | D:4      | Found a shattered altar of Ashenzari.
  2511 | D:4      | Found a white marble altar of Elyvilon.
  2514 | D:4      | Found a sparkling altar of Nemelex Xobeh.
  2516 | D:4      | Found a shadowy altar of Dithmenos.
  2516 | D:4      | Found a sacrificial altar of Ru.
  2517 | D:4      | Found an iron altar of Okawaru.
  2518 | D:4      | Found a blossoming altar of Fedhas.
  2522 | D:4      | Found a basalt altar of Yredelemnul.
  2523 | D:4      | Found a bloodstained altar of Trog.
  2542 | D:4      | Reached XP level 5. HP: 36/38 MP: 8/12
  2569 | D:4      | Learned a level 4 spell: Sticky Flame
  2783 | D:5      | Entered Level 5 of the Dungeon
  2783 | D:5      | Noticed an ogre
  2789 | D:5      | Killed an ogre
  2809 | D:5      | Noticed a centaur
  2817 | D:5      | Killed a centaur
  2817 | D:5      | Reached skill level 5 in Fire Magic
  2817 | D:5      | Reached XP level 6. HP: 25/45 MP: 6/14
  3184 | D:5      | Reached XP level 7. HP: 43/50 MP: 10/16
  3189 | D:5      | Learned a level 3 spell: Inner Flame
  3689 | D:5      | Found a staircase to the Ecumenical Temple.
  3713 | D:5      | Reached skill level 6 in Fire Magic
  3721 | Temple   | Entered the Ecumenical Temple
  3914 | D:6      | Found a glowing drain.
  4607 | D:6      | Reached XP level 8. HP: 55/57 MP: 11/18
  4780 | D:6      | Noticed a purple ugly thing
  4795 | D:6      | Killed a purple ugly thing
  4795 | D:6      | Reached skill level 5 in Spellcasting
  4795 | D:6      | Reached skill level 7 in Fire Magic
  4901 | D:6      | Found an opulent altar of Gozag.
  4902 | D:6      | Found a glowing silver altar of Zin.
  4936 | D:6      | Reached skill level 5 in Conjurations
  4936 | D:6      | Reached skill level 8 in Fire Magic
  5131 | D:6      | Noticed Dowan
  5135 | D:6      | Noticed Duvessa
  5156 | D:6      | Killed Duvessa
  5156 | D:6      | Killed Dowan
  5888 | D:6      | Reached XP level 9. HP: 58/62 MP: 14/21
  6665 | D:7      | Found a blossoming altar of Fedhas.
  6745 | D:7      | Reached skill level 9 in Fire Magic
  7431 | D:8      | Found Nuakkiv's Weapon Shop.
  8204 | D:8      | Learned a level 5 spell: Fireball
  8207 | D:8      | Learned a level 2 spell: Repel Missiles
  8506 | D:8      | Reached skill level 10 in Fire Magic
  8535 | D:8      | Found a staircase to the Lair.
  8717 | D:8      | Reached XP level 10. HP: 69/69 MP: 18/23
  8800 | Lair:1   | Entered Level 1 of the Lair of Beasts
  9124 | Lair:1   | Noticed a six-headed hydra
  9129 | Lair:1   | Learned a level 2 spell: Swiftness
  9152 | Lair:1   | Killed a six-headed hydra
  9332 | Lair:1   | Reached skill level 11 in Fire Magic
  9558 | Lair:1   | Noticed a black mamba
  9568 | Lair:1   | Killed a black mamba
 10127 | Lair:1   | Mangled by a komodo dragon

Skill      XL: |  1  2  3  4  5  6  7  8  9 10 |
---------------+-------------------------------+-----
Conjurations   | 1 2 3 4 5 6 7 |  7.8
Spellcasting   | 2 3 4 5 6 7 |  7.7
Fire Magic     | 3 4 5 6 8 10 11 | 11.6
Dodging        | |  1.7
Stealth        | |  1.7

Action                   |  1- 3 |  4- 6 |  7- 9 | 10-12 || total
-------------------------+-------+-------+-------+-------++-------
Melee: Mace              |    12 |    24 |    46 |       ||    82
       War axe           |       |       |    51 |       ||    51
       Scythe            |       |       |    25 |    20 ||    45
 Cast: Flame Tongue      |    68 |    61 |   144 |    21 ||   294
       Throw Flame       |       |     2 |     5 |     2 ||     9
       Sticky Flame      |       |     9 |    41 |    22 ||    72
       Inner Flame       |       |       |    14 |     3 ||    17
       Conjure Flame     |       |       |    17 |     5 ||    22
       Fireball          |       |       |     1 |     2 ||     3
       Repel Missiles    |       |       |     1 |       ||     1
       Swiftness         |       |       |       |     1 ||     1
Evoke: Wand              |       |       |     7 |     2 ||     9
  Use: Scroll            |     7 |     3 |     3 |     1 ||    14
       Potion            |       |       |     1 |     1 ||     2
 Stab: Sleeping          |       |     1 |     4 |     1 ||     6
       Distracted        |       |       |     1 |       ||     1
  Eat: Chunk             |     2 |     5 |    18 |    23 ||    48
       Beef jerky        |       |     1 |     2 |       ||     3
       Fruit             |       |       |     3 |       ||     3
Armor: Robe              |     4 |     9 |    50 |     6 ||    69
Dodge: Dodged            |    21 |    30 |   119 |    21 ||   191
